 Dungeon Crawl Stone Soup version 0.23.1 (webtiles) character file.

Game seed: 8342627546888511930

89 Borgoz the Sneak (level 4, -3/34 HPs)
             Began as a Ghoul Enchanter on Mar 4, 2019.
             Slain by a shadow imp (6 damage)
             ... summoned by Natasha
             ... on level 3 of the Dungeon.
             The game lasted 00:03:02 (2418 turns).

Borgoz the Sneak (Ghoul Enchanter)                  Turns: 2418, Time: 00:03:02

Health: -3/34      AC:  3    Str:  8 (11) XL:     4   Next: 55%
Magic:  1/5        EV: 12    Int:  7 (10) God:
Gold:   82         SH:  0    Dex:  9 (10) Spells: 3/6 levels left

rFire    . . .     SeeInvis .   a - +1 dagger
rCold    + . .     Gourm    .   (no shield)
rNeg     + + +     Faith    .   b - +0 robe
rPois    ∞         Spirit   .   (no helmet)
rElec    .         Reflect  .   (no cloak)
rCorr    .         Harm     .   (no gloves)
MR       .....                  e - +0 pair of boots (curse)
Stlth    ++........             (no amulet)
HPRegen  0.00/turn              (no ring)
MPRegen  0.09/turn              (no ring)

@: very slightly contaminated, rotting
A: rotting body, claws 1, carnivore, cold resistance 1, negative energy
resistance 3, inhibited regeneration, torment resistance, unbreathing
a: no special abilities


You were on level 3 of the Dungeon.
You were not hungry.

You visited 1 branch of the dungeon, and saw 3 of its levels.

You collected 82 gold pieces.

Inventory:

Hand Weapons
 a - a +1 dagger (weapon)
 h - a +0 short sword
Missiles
 f - a throwing net (quivered)
Armour
 b - a +0 robe (worn)
 e - a cursed +0 pair of boots (worn)
 q - a +3 ring mail
Wands
 j - a wand of polymorph (11)
 m - a wand of flame (15)
Scrolls
 i - 2 scrolls of identify {unknown}
 k - a scroll of fear {unknown}
 n - 2 scrolls of enchant armour {unknown}
 o - a scroll of magic mapping {unknown}
Potions
 g - a potion of degeneration
 p - a potion of curing {unknown}
Comestibles
 d - 3 rations


   Skills:
 + Level 0.5 Fighting
 * Level 2.2 Short Blades
 * Level 2.1 Dodging
 + Level 4.1 Stealth
 + Level 1.9 Spellcasting
 + Level 2.8 Hexes
 + Level 0.1 Ice Magic


You had 3 spell levels left.
You knew the following spells:

 Your Spells              Type           Power        Failure   Level  Hunger
a - Corona                Hex            #......      12%         1    ##.....
b - Ensorcelled Hibernat  Hex/Ice        #.....       32%         2    ###....

Your spell library contained the following spells:

 Spells                   Type           Power        Failure   Level  Hunger
 Confuse                  Hex            #.......     34%         3    ####...
 Tukima's Dance           Hex            #.......     34%         3    ####...
 Dazzling Spray           Conj/Hex       #.....       54%         3    ####...


Dungeon Overview and Level Annotations

Branches:
Dungeon (3/15)

Altars:
Gozag
Zin

Annotations:
D:3 Natasha


Innate Abilities, Weirdness & Mutations

Your body is rotting away.
You thrive on raw meat.
You are immune to poison.
You have sharp fingernails.
You are carnivorous and can eat meat at any time.
Your flesh is cold resistant. (rC+)
You are immune to negative energy. (rN+++)
You do not regenerate when monsters are visible.
You are immune to unholy pain and torment.
You can survive without breathing.


Message History

You are very lightly contaminated with residual magic.
Nothing appears to happen.
Natasha claws you.
You hit Natasha.
Natasha is lightly wounded.
Natasha claws you!
Okay, then.
Eat a chunk of flesh? (ye/n/q)
You eat the chunk of flesh.
This raw flesh tastes great!
Natasha mumbles some strange words.
Okay, then.
It was a potion of degeneration.
There was something very wrong with that liquid.
You feel weakened.
You feel dopey.
You feel clumsy. Natasha claws you! The shadow imp hits you.
* * * LOW HITPOINT WARNING * * *
It was a potion of lignification.
You feel woody for a moment. Natasha claws you.
* * * LOW HITPOINT WARNING * * *
The shadow imp hits you.
You die...

#...########.#.# #.
##...########.#.# #.
+................ ..
.#######......#############
.......'......'............
########......#############
#....[.# #.5....#
######..@...# #.......h...#
#### #......<..### ...#
#.........### .#.#
#.<.........# ...#
####..#.....### .#.####
#..#.......# ...##.#
#..##.#....# ##.##.#
#..#...#.#.#


You could see Natasha and a shadow imp.

Vanquished Creatures
  Natasha (D:3)
  3 adders (D:2)
  An ooze (D:1)
  A worm (D:3)
  A dart slug (D:1)
  A leopard gecko (D:2)
  2 giant cockroaches
  A goblin (D:2)
  4 hobgoblins
  5 kobolds
  A quokka (D:2)
  3 bats (D:1)
  A frilled lizard (D:2)
  6 rats
31 creatures vanquished.

Notes
Turn   | Place    | Note
-------+----------+-------------------------------------------
     0 | D:1      | Borgoz the Ghoul Enchanter began the quest for the Orb.
     0 | D:1      | Reached XP level 1. HP: 14/14 MP: 2/2
   248 | D:1      | Reached skill level 1 in Short Blades
   393 | D:1      | Reached XP level 2. HP: 20/20 MP: 3/3
   487 | D:1      | Learned a level 2 spell: Ensorcelled Hibernation
  1406 | D:2      | Reached XP level 3. HP: 25/25 MP: 4/4
  1674 | D:2      | Found a glowing silver altar of Zin.
  1739 | D:2      | Reached XP level 4. HP: 34/34 MP: 5/5
  2179 | D:3      | Noticed Natasha
  2184 | D:3      | Killed Natasha
  2184 | D:3      | Reached skill level 4 in Stealth
  2298 | D:3      | Found an opulent altar of Gozag.
  2407 | D:3      | Noticed Natasha
  2418 | D:3      | Slain by a shadow imp

Skill      XL: |  1  2  3  4 |
---------------+-------------+-----
Short Blades   | 1 2 |  2.2
Dodging        | 2 |  2.1
Stealth        | 4 |  4.1
Fighting       | |  0.5
Spellcasting   | |  1.9
Hexes          | |  2.8
Ice Magic      | |  0.1

Action                   |  1- 3 |  4- 6 || total
-------------------------+-------+-------++-------
Melee: Dagger            |   116 |    15 ||   131
 Cast: Ensorcelled Hiber |     5 |     2 ||     7
       Corona            |     1 |       ||     1
  Use: Potion            |       |     2 ||     2
 Stab: Sleeping          |    10 |     2 ||    12
  Eat: Chunk             |     6 |     1 ||     7
Armor: Robe              |    21 |     1 ||    22
Dodge: Dodged            |    67 |     6 ||    73
